 Dungeon Crawl Stone Soup version 0.16.2-12-gd0ad4c3 (webtiles) character file.

18858 SlimeFever the Grappler (level 12, -7/107 HPs)
             Began as a Minotaur Monk on Mar 19, 2016.
             Was the Champion of Cheibriados.
             Killed by divine providence
             ... invoked by an orc priest
              (12 damage)
             ... on level 4 of the Orcish Mines.
             The game lasted 02:42:32 (13336 turns).

SlimeFever the Grappler (Minotaur Monk)            Turns: 13336, Time: 02:42:32

Health: -7/107     AC: 15    Str: 37    XL:     12   Next: 31%
Magic:  7/10       EV: 25    Int: 22    God:    Cheibriados [******]
Gold:   1367       SH:  0    Dex: 29    Spells: 4 memorised, 5 levels left

rFire  + . .     SeeInvis .       - Unarmed
rCold  . . .     Clarity  .     A - +2 leather armour
rNeg   . . .     SustAb   .     (no shield)
rPois  .         Gourm    .     (helmet restricted)
rElec  .         Spirit   .     T - +2 cloak
rCorr  .         Warding  .     g - +2 pair of gloves {archery}
rMut   .         Stasis   .     c - +2 pair of boots
MR     .....                    (no amulet)
Stlth  ++++......               d - +2 ring of strength
                                y - ring of protection from fire

@: very slow, not resistant to hostile enchantments, stealthy
A: retaliatory headbutt, horns 2
a: Bend Time, Temporal Distortion, Slouch, Step From Time, Renounce Religion


You were on level 4 of the Orcish Mines.
You worshipped Cheibriados.
Cheibriados was exalted by your worship.
You were near starving.

You visited 3 branches of the dungeon, and saw 18 of its levels.
You also visited: Ossuary.

You collected 1973 gold pieces.
You spent 606 gold pieces at shops.

Inventory:

Hand weapons
 a - a +0 shortbow
Missiles
 h - 134 arrows
 L - 12 arrows of frost
 M - 12 poisoned arrows
Armour
 c - a +2 pair of boots (worn)
 g - a +2 pair of gloves of archery (worn)
 j - a +0 leather armour of poison resistance
 A - a +2 leather armour (worn)
 C - the +2 cloak of the Thief {+Fog Slay-2 SInv Stlth+}
   (You found it on level 11 of the Dungeon)

   It affects your accuracy and damage with ranged weapons and melee attacks
   (-2).
   It enhances your eyesight.
   It can be evoked to emit clouds of fog.
   It makes you more stealthy.
 S - a +0 chain mail of cold resistance
 T - a +2 cloak (worn)
 U - a +2 robe
Magical staves
 n - an uncursed staff of poison
Jewellery
 d - a +2 ring of strength (right hand)
 y - a ring of protection from fire (left hand)
 z - an uncursed ring of protection from cold
 E - the amulet of Orph {Inacc Dex+6 SInv}
   (You found it on level 5 of the Dungeon)

   [amulet of inaccuracy]

   It reduces the accuracy of all your attacks.
   It affects your dexterity (+6).
   It enhances your eyesight.
 H - an uncursed ring of flight
Magical devices
 b - a wand of lightning (1)
 i - a wand of digging (3)
 q - a wand of digging (17)
 u - a wand of slowing (17)
Scrolls
 k - 9 scrolls of remove curse
 p - 7 scrolls of teleportation
 w - a scroll of fog
 D - 2 scrolls of identify
 F - a scroll of blinking
 G - a scroll of amnesia
 K - a scroll of enchant armour
Potions
 e - a potion of magic
 l - 2 potions of brilliance
 m - 4 potions of heal wounds
 o - 3 potions of agility
 r - a potion of cancellation
 s - 10 potions of curing
 t - 2 potions of cure mutation
 x - 3 potions of flight
 I - a potion of restore abilities
 P - a potion of resistance
Books
 J - a book of Geomancy

   Spells                             Type                      Level
   a - Sandblast                      Earth                        1
   b - Stoneskin                      Transmutation/Earth          2
   c - Passwall                       Transmutation/Earth          3
   d - Stone Arrow                    Conjuration/Earth            3
   e - Petrify                        Transmutation/Earth          4
   f - Lee's Rapid Deconstruction     Earth                        5
 N - a book of Alchemy

   Spells                             Type                      Level
   a - Sublimation of Blood           Necromancy                   2
   b - Alistair's Intoxication        Transmutation/Poison         4
   c - Condensation Shield            Ice                          4
   d - Petrify                        Transmutation/Earth          4
   e - Ignite Poison                  Fire/Transmutation           5
   f - Irradiate                      Conjuration/Transmutation    5
 Q - a book of Clouds

   Spells                             Type                      Level
   a - Mephitic Cloud                 Conjuration/Poison/Air       3
   b - Conjure Flame                  Conjuration/Fire             3
   c - Poisonous Cloud                Conjuration/Poison/Air       6
   d - Freezing Cloud                 Conjuration/Ice/Air          6
   e - Ring of Flames                 Charms/Fire                  7
Comestibles
 v - 8 bread rations
 B - 3 fruits
 O - 8 royal jellies


   Skills:
 + Level 10.4 Fighting
   Level 0.9(1.4) Slings
 + Level 4.9 Bows
 - Level 1.4(1.5) Throwing
 + Level 5.7 Armour
 + Level 11.0 Dodging
 + Level 7.7 Stealth
 + Level 12.2 Unarmed Combat
 + Level 1.8 Spellcasting
 + Level 2.2 Transmutations
 + Level 2.0 Earth Magic
 + Level 1.8 Invocations
 + Level 0.4 Evocations


You had 5 spell levels left.
You knew the following spells:

 Your Spells              Type           Power        Failure   Level  Hunger
a - Stoneskin             Trmt/Erth      ##......     12%         2    ##.....
b - Sandblast             Erth           ##....       10%         1    #......
c - Mephitic Cloud        Conj/Pois/Air  #.......     56%         3    ###....
d - Stone Arrow           Conj/Erth      #.....       34%         3    ###....


Dungeon Overview and Level Annotations

Branches:
Dungeon (13/15)            Temple (1/1) D:5            Lair (0/8) D:9
    Orc (4/4) D:12            Elf (0/3) Orc:4        Vaults (0/5) D:13

Altars:
Ashenzari
Cheibriados
Elyvilon
Fedhas
Gozag
Nemelex Xobeh
Okawaru
Qazlal
Ru
Trog
Vehumet
Xom
Yredelemnul
Zin
The Shining One
Beogh
Lugonu

Shops:
D:7 :   D:8 !   D:10 *   D:12 }   Orc:1 *[}}

Annotations:
D:6 Natasha


Innate Abilities, Weirdness & Mutations

You reflexively headbutt those who attack you in melee.
You have a pair of horns on your head.


Message History

* * * LOW HITPOINT WARNING * * *
The orc completely misses you. The orc warrior completely misses you.
The orc warrior hits you from afar with a halberd!
* * * LOW HITPOINT WARNING * * *
The orc warrior misses you.
You feel much better. The orc priest misses you. You furiously retaliate!
You headbutt the orc priest!
The orc priest invokes the aid of Beogh against you.
Something smites you!
* * * LOW HITPOINT WARNING * * *
The orc hits you but does no damage. The orc warrior closely misses you.
The orc warrior misses you.
The orc priest mumbles some strange prayers to Beogh against you.
Something smites you!
* * * LOW HITPOINT WARNING * * *
You hit the orc.
The orc is lightly wounded.
The orc priest calls down the wrath of Beogh upon you.
Something smites you!
You die...

##.......)..........#......
#.........................)
#.....................#).†.
##....................#))..
#..........................
##.......................##
#.......................#
#...#.........#.....#...##
##.##.....@o...#....#..##
##########)o.### #..
#oooo...# #.o#oo.#.)#
#...o)....# #...#[..#)..#
#.......)...# ... #.))#...
... .......


You could see an orc high priest, an orc warrior, 3 orc priests and 2 orcs.

Vanquished Creatures
  Snorg (Orc:2)
  A hydra (D:11)
  An unseen horror (D:10)
  An orc sorcerer (Orc:3)
  A manticore (D:11)
  Maurice (D:12)
  Psyche (Orc:2)
  2 gargoyles
  4 trolls
  Sonja (Orc:2)
  A queen bee (D:10)
  Prince Ribbit (Orc:1)
  2 two-headed ogres
  2 basilisks (D:9)
  A shadow (D:11)
  Eustachio (Orc:2)
  4 deep elf magi
  5 yaks
  3 hippogriffs
  Menkaure (Ossuary)
  5 wargs
  A wasp (Orc:1)
  4 sky beasts
  18 orc warriors
  2 eyes of draining
  3 ice beasts
  2 porcupines (D:9)
  A phantom (D:4)
  6 ogres
  2 centaurs
  3 crocodiles (D:9)
  2 elf zombies (Ossuary)
  9 giant frogs
  A big kobold (D:12)
  4 scorpions
  29 killer bees
  8 wights
  A goliath beetle (D:10)
  4 crimson imps
  6 centaur zombies
  4 giant frog zombies
  3 jellies
  2 quasits
  An iguana (D:12)
  28 orc priests
  6 hounds
  A centaur skeleton (D:10)
  A human zombie (D:5)
  8 worker ants
  25 orc wizards
  Natasha (D:6)
  A statue (D:9)
  A killer bee zombie (D:10)
  2 ogre zombies (Ossuary)
  Jessica (D:2)
  6 mummies (Ossuary)
  2 worker ant zombies (D:10)
  11 adders
  7 gnolls
  A river rat (D:9)
  3 shadow imps
  3 worms
  A giant mite (D:2)
  5 adder zombies
  An adder skeleton (D:8)
  8 giant geckos
  142 orcs
  A bat skeleton (D:4)
  A bat zombie (D:5)
  A giant cockroach (D:4)
  18 goblins
  25 hobgoblins
  7 jackals
  22 kobolds
  3 quokkas
  2 ball pythons
  21 bats
  7 giant newts
  3 giant spores
  A goblin zombie (Ossuary)
  5 hobgoblin zombies (Ossuary)
  A jackal zombie (D:8)
  4 kobold zombies (Ossuary)
  2 quokka skeletons
  4 quokka zombies (Ossuary)
  17 rats
  6 rat zombies
  6 ballistomycetes
578 creatures vanquished.

Vanquished Creatures (others)
  2 butterflies (D:2)
2 creatures vanquished.

Grand Total: 580 creatures vanquished

Notes
Turn   | Place    | Note
--------------------------------------------------------------
     0 | D:1      | SlimeFever, the Minotaur Monk, began the quest for the Orb.
     0 | D:1      | Reached XP level 1. HP: 19/19 MP: 1/1
   207 | D:1      | Reached XP level 2. HP: 27/27 MP: 1/1
   521 | D:1      | Reached XP level 3. HP: 33/33 MP: 2/2
   708 | D:2      | Reached skill level 5 in Unarmed Combat
   819 | D:2      | Noticed Jessica
   825 | D:2      | Killed Jessica
   886 | D:2      | Found a shimmering altar of Xom.
   887 | D:2      | Found a shimmering altar of Xom.
   888 | D:2      | Found a shimmering altar of Xom.
   888 | D:2      | Found a shimmering altar of Xom.
   889 | D:2      | Found a shimmering altar of Xom.
  1084 | D:2      | Reached XP level 4. HP: 40/40 MP: 2/2
  1896 | D:3      | Found a white marble altar of Elyvilon.
  2424 | D:3      | Reached XP level 5. HP: 47/47 MP: 2/2
  2441 | D:4      | Reached skill level 1 in Armour
  2498 | D:4      | Reached skill level 6 in Unarmed Combat
  2709 | D:4      | Reached XP level 6. HP: 47/55 MP: 3/3
  2859 | D:4      | Noticed a phantom
  2886 | D:4      | Killed a phantom
  3182 | D:4      | Reached skill level 5 in Fighting
  3182 | D:4      | Reached skill level 5 in Dodging
  3324 | D:4      | Reached XP level 7. HP: 46/61 MP: 3/3
  3361 | D:5      | Entered Level 5 of the Dungeon
  3473 | D:5      | Got a clouded diamond amulet
  3474 | D:5      | Identified the amulet of Orph {Inacc Dex+6 SInv} (You found it on level 5 of the Dungeon)
  3548 | D:5      | Found a sand-covered staircase.
  3572 | Ossuary  | Entered an ossuary
  3616 | Ossuary  | Reached skill level 1 in Throwing
  3800 | Ossuary  | Reached skill level 7 in Unarmed Combat
  3840 | Ossuary  | Noticed Menkaure
  4240 | Ossuary  | Killed Menkaure
  4240 | Ossuary  | Reached XP level 8. HP: 68/70 MP: 3/3
  4502 | D:5      | Found a glowing silver altar of Zin.
  4692 | D:5      | Found a basalt altar of Yredelemnul.
  4729 | D:5      | Found a staircase to the Ecumenical Temple.
  4742 | Temple   | Entered the Ecumenical Temple
  4763 | Temple   | Became a worshipper of Cheibriados the Contemplative
  4763 | Temple   | Acquired Cheibriados' first power
  4933 | D:5      | Reached skill level 8 in Unarmed Combat
  5106 | D:6      | Found a bloodstained altar of Trog.
  5356 | D:6      | Noticed Natasha
  5361 | D:6      | Killed Natasha
  5519 | D:6      | Noticed Natasha
  5600 | D:6      | Reached skill level 9 in Unarmed Combat
  5608 | D:6      | Acquired Cheibriados' second power
  5843 | D:6      | Reached XP level 9. HP: 29/79 MP: 4/4
  6192 | D:7      | Found a blossoming altar of Fedhas.
  6488 | D:7      | Found Zezxefah's Book Shoppe.
  6777 | D:8      | Found Yfrosug's Distillery.
  6789 | D:8      | Reached skill level 1 in Bows
  6809 | D:8      | Learned a level 2 spell: Stoneskin
  6813 | D:8      | Bought a potion of curing for 30 gold pieces
  6813 | D:8      | Bought a potion of brilliance for 40 gold pieces
  6813 | D:8      | Bought a potion of heal wounds for 50 gold pieces
  6832 | D:8      | Acquired Cheibriados' third power
  7331 | D:9      | Learned a level 1 spell: Sandblast
  7340 | D:9      | Found a staircase to the Lair.
  7349 | D:9      | Reached skill level 5 in Stealth
  7439 | D:9      | Reached skill level 1 in Transmutations
  7624 | D:9      | Reached XP level 10. HP: 18/88 MP: 4/5
  7661 | D:9      | Acquired Cheibriados' fourth power
  7795 | D:9      | Reached skill level 10 in Unarmed Combat
  7833 | D:9      | Found a radiant altar of Vehumet.
  8223 | D:10     | Entered Level 10 of the Dungeon
  8269 | D:10     | Reached skill level 1 in Invocations
  8323 | D:10     | Reached skill level 1 in Spellcasting
  8353 | D:10     | Noticed an eight-headed hydra
  8520 | D:10     | Found Klunesh's Serpentskin Sales.
  8545 | D:10     | Found a white marble altar of Elyvilon.
  8620 | D:10     | Learned a level 3 spell: Mephitic Cloud
  8790 | D:10     | Reached skill level 1 in Earth Magic
  9100 | D:10     | Killed an unseen horror
  9100 | D:10     | Reached skill level 5 in Armour
  9100 | D:10     | Reached XP level 11. HP: 36/97 MP: 7/7
  9669 | D:11     | Found a glowing silver altar of Zin.
  9918 | D:11     | Noticed a four-headed hydra
  9928 | D:11     | Killed a four-headed hydra
  9990 | D:11     | Reached skill level 11 in Unarmed Combat
 10143 | D:12     | Found Struxulim's Gadget Shop.
 10143 | D:12     | Noticed Maurice
 10155 | D:12     | Killed Maurice
 10368 | D:12     | Found a corrupted altar of Lugonu.
 10413 | D:12     | Reached skill level 10 in Dodging
 10666 | D:12     | Found a staircase to the Orcish Mines.
 10902 | D:13     | Found a gate to the Vaults.
 10902 | D:13     | Noticed a skeletal warrior
 10902 | D:13     | Noticed a hill giant
 10902 | D:13     | Noticed a seven-headed hydra
 10902 | D:13     | Noticed a skeletal warrior
 10902 | D:13     | Noticed a skeletal warrior
 10902 | D:13     | Noticed a skeletal warrior
 10902 | D:13     | Noticed a skeletal warrior
 10922 | Orc:1    | Entered Level 1 of the Orcish Mines
 11082 | Orc:1    | Found Bycynty's Assorted Antiques.
 11102 | Orc:1    | Bought a scroll of identify for 62 gold pieces
 11102 | Orc:1    | Bought a scroll of enchant armour for 232 gold pieces
 11168 | Orc:1    | Noticed Prince Ribbit
 11182 | Orc:1    | Killed Prince Ribbit
 11254 | Orc:1    | Found Plosuk's Antique Armour Emporium.
 11281 | Orc:1    | Bought a shiny chain mail for 117 gold pieces
 11312 | Orc:1    | Found Cowk's Gadget Emporium.
 11336 | Orc:1    | Bought a wand of lightning (1) for 75 gold pieces
 11419 | Orc:1    | Found Brumiett's Gadget Shop.
 11501 | Orc:2    | Noticed Snorg
 11504 | Orc:2    | Reached skill level 10 in Fighting
 11527 | Orc:2    | Killed Snorg
 11820 | Orc:2    | Noticed Psyche
 11825 | Orc:2    | Killed Psyche
 11825 | Orc:2    | Reached XP level 12. HP: 106/106 MP: 10/10
 11869 | Orc:2    | Found a glowing golden altar of the Shining One.
 11949 | Orc:2    | Noticed Eustachio
 11950 | Orc:2    | Found a roughly hewn altar of Beogh.
 11960 | Orc:2    | Killed Eustachio
 12096 | Orc:2    | Noticed Sonja
 12137 | Orc:2    | Killed Sonja
 12460 | Orc:2    | Learned a level 3 spell: Stone Arrow
 12678 | Orc:3    | Reached skill level 12 in Unarmed Combat
 12996 | Orc:4    | Entered Level 4 of the Orcish Mines
 13180 | Orc:4    | Found a staircase to the Elven Halls.
 13335 | Orc:4    | HP: 5/107 [orc priest/divine providence (16)]
 13336 | Orc:4    | Killed from afar by an orc priest

Action                   |  1- 3 |  4- 6 |  7- 9 | 10-12 || total
-------------------------+-------+-------+-------+-------++-------
Melee: Unarmed           |    85 |   148 |   402 |   524 ||  1159
       Staff             |       |       |       |     4 ||     4
 Fire: Hunting sling     |       |     5 |       |       ||     5
       Shortbow          |       |       |    25 |    48 ||    73
Throw: Tomahawk          |       |     7 |       |       ||     7
       Javelin           |       |       |     3 |       ||     3
 Cast: Stoneskin         |       |       |     4 |    14 ||    18
       Sandblast         |       |       |     1 |     1 ||     2
Invok: Bend Time         |       |       |     1 |     3 ||     4
       Slouch            |       |       |       |     1 ||     1
Evoke: Wand              |       |     1 |       |     3 ||     4
  Use: Scroll            |     5 |     8 |    12 |     9 ||    34
       Potion            |       |       |     2 |     3 ||     5
 Stab: Sleeping          |     1 |       |    16 |    23 ||    40
       Distracted        |       |       |       |     4 ||     4
  Eat: Meat ration       |       |     1 |     2 |     1 ||     4
       Fruit             |       |     1 |     1 |       ||     2
       Pizza             |       |     1 |       |     2 ||     3
       Bread ration      |       |       |     1 |       ||     1
       Beef jerky        |       |       |       |     1 ||     1
